 Dungeon Crawl Stone Soup version 0.23.0 (webtiles) character file.

Game seed: 16185086000817323981

1932 MovingMist the Skirmisher (level 9, -3/56 HPs)
             Began as a Gargoyle Fighter on Feb 12, 2019.
             Was a Believer of Okawaru.
             Killed by divine providence
             ... invoked by an orc priest
              (15 damage)
             ... on level 6 of the Dungeon.
             The game lasted 00:16:57 (4625 turns).

MovingMist the Skirmisher (Gargoyle Fighter)        Turns: 4625, Time: 00:16:58

Health: -3/56      AC: 21    Str: 20    XL:     9   Next: 17%
Magic:  9/9        EV: 10    Int:  9    God:    Okawaru [**....]
Gold:   258        SH:  9    Dex: 12    Spells: 8/8 levels left

rFire    . . .     SeeInvis .   u - +0 flail (protect)
rCold    . . .     Gourm    .   c - +0 shield
rNeg     + . .     Faith    .   b - +0 scale mail
rPois    ∞         Spirit   .   (no helmet)
rElec    +         Reflect  .   (no cloak)
rCorr    .         Harm     .   (no gloves)
MR       .....                  (no boots)
Stlth    ..........             (no amulet)
HPRegen  0.18/turn              (no ring)
MPRegen  0.11/turn              (no ring)

@: protection aura
A: negative energy resistance 1, electricity resistance, unbreathing,
petrification resistance, rot immunity, AC +6
a: Heroism, Renounce Religion


You were on level 6 of the Dungeon.
You worshipped Okawaru.
Okawaru was pleased with you.
You were not hungry.

You visited 2 branches of the dungeon, and saw 7 of its levels.
You also visited: Sewer.

You collected 258 gold pieces.

Inventory:

Hand Weapons
 a - a +0 flail
 u - a +0 flail of protection (weapon)
Armour
 b - a +0 scale mail (worn)
 c - a +0 shield (worn)
Scrolls
 h - 2 scrolls of teleportation {unknown}
 i - 3 scrolls of enchant armour {unknown}
 j - a scroll of enchant weapon {unknown}
 k - 2 scrolls of remove curse {unknown}
 l - a scroll of amnesia {unknown}
 m - 3 scrolls of immolation {unknown}
 o - a scroll of blinking {unknown}
 q - a scroll of magic mapping {unknown}
 r - 6 scrolls of identify {unknown}
 s - a scroll of fear {unknown}
Potions
 d - 2 potions of might
 e - a potion of curing
 g - a potion of cancellation {unknown}
 n - 5 potions of heal wounds {unknown}
 p - 3 potions of flight {unknown}
 t - a potion of berserk rage {unknown}
 v - a potion of lignification {unknown}
Comestibles
 f - 6 rations
 w - 6 chunks of flesh


   Skills:
 + Level 6.6 Fighting
 * Level 5.5 Maces & Flails
 + Level 6.6 Armour
 - Level 6.0 Dodging
 - Level 3.2 Shields


You had 8 spell levels left.
You didn't know any spells.
Your spell library was empty.

Dungeon Overview and Level Annotations

Branches:
Dungeon (6/15)             Temple (1/1) D:4

Altars:
Ashenzari
Cheibriados
Elyvilon
Hepliaklqana
Kikubaaqudgha
Okawaru
Trog
Vehumet
Wu Jian
Xom
Yredelemnul
The Shining One
Lugonu


Innate Abilities, Weirdness & Mutations

You are resistant to torment.
Your stone body is resilient. (AC +6)
You are immune to poison.
You resist negative energy. (rN+)
You are resistant to electric shocks. (rElec)
You can survive without breathing.
You are immune to petrification.
You are immune to rotting.


Message History

The orc warrior is heavily wounded.
You block the orc warrior's attack.
The orc priest mumbles some strange prayers to Beogh against you.
Beogh smites you!
* * * LOW HITPOINT WARNING * * *
You hit the orc warrior but do no damage.
The orc warrior is heavily wounded.
You block the orc warrior's attack. x2
You completely miss the orc warrior.
The orc warrior is heavily wounded.
The orc priest calls upon Beogh to heal the orc warrior.
The orc warrior is healed somewhat.
The orc warrior hits you but does no damage.
You sock the orc warrior!
The orc warrior is almost dead.
The orc warrior hits you with a +0 dire flail.
* * * LOW HITPOINT WARNING * * *
The orc priest invokes the aid of Beogh against you.
Beogh smites you!
You die...

#.......#####..###
#..............###
######.#########(##.
#......# ### #.##.
#.#########.####.##.
#...# #..#........
###.# ##.###.##.##.
#.# #.## ##>..##.
#@# ##.###.#####.
#)# #..#..#####. #o#
###.#.......


#oo #########. #o## ## #.o #.# #.# #.. You could see an orc warrior, 2 orc
priests, an orc wizard and an orc.

Vanquished Creatures
  Pikel (D:5)
  Sigmund (D:2)
  Edmund (D:5)
  An ice beast (D:6)
  A slave (D:4)
  2 centaurs (D:5)
  An ogre (D:6)
  A big kobold (Sewer)
  A bullfrog (D:6)
  A scorpion (D:5)
  A howler monkey (D:6)
  2 crimson imps (D:5)
  A bullfrog zombie (D:5)
  3 orc wizards (D:5)
  2 orc priests
  Jessica (D:2)
  4 worker ants
  A hound skeleton (D:5)
  3 river rats (Sewer)
  4 adders
  A shadow imp (D:6)
  2 adder skeletons (D:5)
  6 worms
  2 dart slugs
  4 leopard geckos
  17 orcs
  9 bats
  3 giant cockroaches
  5 goblins
  8 hobgoblins
  2 jackals (D:6)
  A quokka (D:2)
  A ball python (D:2)
  6 frilled lizards
  12 kobolds
  10 rats
122 creatures vanquished.

Vanquished Creatures (others)
  2 bullfrogs
2 creatures vanquished.

Grand Total: 124 creatures vanquished

Notes
Turn   | Place    | Note
-------+----------+-------------------------------------------
     0 | D:1      | MovingMist the Gargoyle Fighter began the quest for the
                  | Orb.
     0 | D:1      | Reached XP level 1. HP: 14/14 MP: 1/1
    71 | D:1      | Reached XP level 2. HP: 15/19 MP: 2/2
   197 | D:1      | Reached skill level 1 in Dodging
   294 | D:1      | Reached XP level 3. HP: 23/23 MP: 3/3
   881 | D:2      | Noticed Jessica
   897 | D:2      | Killed Jessica
   897 | D:2      | Reached XP level 4. HP: 18/29 MP: 4/4
  1096 | D:2      | Found an ornate altar of the Wu Jian Council.
  1096 | D:2      | Found a bloodstained altar of Trog.
  1148 | D:2      | Noticed Sigmund
  1256 | D:2      | Killed Sigmund
  1256 | D:2      | Reached XP level 5. HP: 22/33 MP: 5/5
  1256 | D:2      | Reached XP level 6. HP: 26/38 MP: 6/6
  1339 | D:2      | Found a radiant altar of Vehumet.
  2147 | D:4      | Found a staircase to the Ecumenical Temple.
  2475 | D:3      | Found a glowing drain.
  2481 | Sewer    | Entered a sewer
  2655 | Sewer    | Found a white marble altar of Elyvilon.
  2878 | Temple   | Entered the Ecumenical Temple
  2902 | Temple   | Became a worshipper of Warmaster Okawaru
  2936 | D:5      | Entered Level 5 of the Dungeon
  2940 | D:5      | Noticed Edmund
  2964 | D:4      | Reached XP level 7. HP: 12/44 MP: 7/7
  3230 | D:5      | Killed Edmund
  3230 | D:5      | Reached skill level 5 in Fighting
  3230 | D:5      | Reached skill level 5 in Armour
  3284 | D:5      | Reached * piety under Okawaru
  3292 | D:5      | HP: 2/44 [orc wizard/magic dart (7)]
  3321 | D:5      | HP: 2/44 [orc priest/nerve-wracking pain (3)]
  3566 | D:5      | Found a shimmering altar of Xom.
  3686 | D:5      | Noticed Pikel
  3745 | D:5      | Killed Pikel
  3745 | D:5      | Reached ** piety under Okawaru
  3745 | D:5      | Reached skill level 5 in Dodging
  3745 | D:5      | Reached XP level 8. HP: 27/51 MP: 8/8
  3864 | D:5      | Reached skill level 5 in Maces & Flails
  4330 | D:5      | Found a basalt altar of Yredelemnul.
  4473 | D:6      | Reached XP level 9. HP: 55/56 MP: 9/9
  4491 | D:6      | Found a white marble altar of Elyvilon.
  4625 | D:6      | Killed from afar by an orc priest

Skill      XL: |  1  2  3  4  5  6  7  8  9 |
---------------+----------------------------+-----
Dodging        | 1 2 3 5 6 |  6.0
Fighting       | 4 5 6 |  6.6
Maces & Flails | 3 4 5 |  5.5
Armour         | 4 5 6 |  6.6
Shields        | |  3.2

Action                   |  1- 3 |  4- 6 |  7- 9 || total
-------------------------+-------+-------+-------++-------
Melee: Flail             |   108 |   217 |   290 ||   615
  Use: Potion            |       |       |     3 ||     3
  Eat: Chunk             |       |     7 |     4 ||    11
       Ration            |       |       |     1 ||     1
Armor: Scale mail        |    75 |   138 |   148 ||   361
Dodge: Dodged            |    36 |   100 |    79 ||   215
Block: Shield            |    81 |   136 |   113 ||   330
